Map: Vigília Leste LE

Players

IagoAbreu

  • Race: Zerg Zerg
  • League: Silver
  • Spawn Location: 1:00

MRLZ - Winner!

  • Race: Protoss Protoss
  • Spawn Location: 7:00

VOD

Have the link to the VOD?

Description

Time

  • Played on: March 7, 2018, 12:58 p.m.
  • Length: 5:55
Show
View Real Time Build Order
Export as new Build Order

IagoAbreu Zerg 

Build Orders: Pool First 

Get SALT Encoding   

  12  0:19  Spawning Pool  
  11  0:24  Drone  
  12  0:32  Overlord  
  12  0:37  Drone  
  12  0:41  Drone  
  14  0:50  Overlord  
  14  0:57  Drone  
  15  1:08  Queen  
  17  1:19  Drone  
  17  1:21  Zergling x2  
  19  1:44  Drone x2, Hatchery  
  20  1:49  Extractor  
  20  1:51  Extractor  
  20  1:53  Drone  
  19  2:01  Drone  
  20  2:17  Drone x2  
  20  2:18  Drone  
  20  2:20  Drone  
  23  3:10  Queen  
  25  3:16  Zergling x12  
  31  3:24  Drone  
  31  3:25  Drone x2  
  34  3:46  Drone x2  
  36  3:49  Overlord  
  36  3:55  Overlord  
  36  3:56  Overlord  
  36  4:08  Drone x3  
  39  4:20  Lair  
  39  4:39  Roach Warren  
  39  4:44  Evolution Chamber  
  37  4:48  Baneling Nest  
  37  4:50  Drone  
  37  4:51  Drone x2  
  39  4:54  Zergling x4  
  35  5:04  Zergling x8  
  35  5:05  Zergling x6  
  39  5:11  Zergling x8  
  31  5:37  Zergling x6  
Show
View Real Time Build Order
Export as new Build Order

MRLZ Protoss - Winner!

Build Orders:  

Get SALT Encoding   

  12  0:01  Probe  
  13  0:14  Pylon  
  13  0:17  Probe (Chrono Boost)  
  14  0:27  Probe (Chrono Boost)  
  15  0:33  Gateway  
  15  0:37  Probe  
  16  0:52  Gateway  
  16  1:01  Gateway  
  16  1:05  Probe  
  16  1:10  Assimilator  
  17  1:24  Cybernetics Core  
  17  1:28  Zealot  
  17  1:31  Probe  
  20  1:38  Pylon  
  20  1:41  Zealot  
  22  1:52  Probe  
  23  1:58  Zealot  
  25  2:07  Zealot  
  27  2:22  Zealot  
  29  2:28  Pylon  
  29  2:30  Twilight Council  
  29  2:38  Twilight Council  
  29  2:48  Zealot  
  29  2:49  Zealot  
  29  2:51  Zealot  
  35  2:58  Warp Gate  
  35  3:10  Forge  
  35  3:20  Assimilator  
  35  3:22  Probe  
  35  3:24  Charge (Chrono Boost)  
  36  3:33  Zealot  
  38  3:35  Probe  
  39  3:46  Pylon  
  39  3:47  Pylon  
  39  3:58  Protoss Ground Weapons Level 1 (Chrono Boost)  
  39  4:04  Probe  
  40  4:16  Probe  
  41  4:27  Nexus  
  41  4:42  Pylon  
  41  4:44  Pylon  
  41  4:51  Assimilator  
  41  5:20  Gateway  
  41  5:21  Gateway  
  41  5:23  Zealot  
  41  5:24  Zealot  
  43  5:28  Zealot  
  44  5:46  Probe (Chrono Boost)  
Tags
 
Add a new tag
Caveats
  • Supply blocks, unpowered buildings, or Contaminate may cause inaccurate times.
  • Supply counts are checked every 10 seconds.